 Dungeon Crawl Stone Soup version 0.29.0-4-gdea44cf6ec (webtiles) character file.

Game seed: 8176244532669227499

102 qw the Chopper (level 4, -3/26 HPs)
             Began as a Tengu Warper on Aug 28, 2022.
             Killed by nerve-wracking pain
             ... invoked by Grinder
              (11 damage)
             ... on level 3 of the Dungeon.
             The game lasted 00:00:16 (2615 turns).

qw the Chopper (Tengu Warper)                       Turns: 2615, Time: 00:00:17

Health: -3/26      AC:  5    Str: 13    XL:     4   Next: 78%
Magic:  8/8        EV: 11    Int: 14    God:
Gold:   79         SH:  0    Dex: 19    Spells: 7/7 levels left

rFire   . . .      SeeInvis .   k - +0 war axe
rCold   . . .      Faith    .   (no shield)
rNeg    . . .      Spirit   .   c - +0 ring mail
rPois   .          Reflect  .   (helmet restricted)
rElec   .          Harm     .   (no cloak)
rCorr   .          Rampage  .   (no gloves)
Will    +....                   (boots unavailable)
Stlth   +.........              (no amulet)
HPRegen 0.08/turn               a - ring of willpower
MPRegen 0.11/turn               b - +6 ring of dexterity

@: no status effects
A: beak, talons 3
a: no special abilities


You were on level 3 of the Dungeon.
You visited 1 branch of the dungeon, and saw 3 of its levels.

You collected 79 gold pieces.


Innate Abilities, Weirdness & Mutations

You have a beak for a mouth.
You have claws for feet.


   Skills:
 - Level 2.0 Fighting
 + Level 5.3 Axes
 - Level 1.0 Throwing
 - Level 1.1 Armour
 - Level 2.1 Dodging
 - Level 2.0 Spellcasting
 - Level 2.4 Translocations


You had 7 spell levels left.
You didn't know any spells.
Your spell library contained the following spells:

 Spells                   Type           Power      Damage    Failure   Level
 Blink                    Tloc           16%        N/A       28%         2
 Gell's Gravitas          Tloc           8%         N/A       50%         3
 Lesser Beckoning         Tloc           8%         N/A       50%         3
 Teleport Other           Tloc           8%         N/A       50%         3
 Manifold Assault         Tloc           8%         N/A       99%         5

Inventory:

Hand Weapons
 i - a +0 flail
 k - a +0 war axe (weapon)
Armour
 c - a +0 ring mail (worn)
 n - a +0 robe of resistance
Jewellery
 a - a ring of willpower (left hand)
 b - a +6 ring of dexterity (right hand)
 q - a +6 ring of strength
Scrolls
 e - a scroll of teleportation
 m - a scroll of identify
 o - a scroll of vulnerability {unknown}
 p - 3 scrolls of enchant weapon {unknown}
Potions
 d - a potion of curing
 f - a potion of cancellation
 g - a potion of ambrosia {unknown}
 h - a potion of attraction {unknown}
 j - a potion of resistance {unknown}
 l - a potion of berserk rage {unknown}
 r - a potion of mutation {unknown}

Dungeon Overview and Level Annotations

Branches:
Dungeon (3/15)

Altars:

Annotations:
D:3 Grinder


Message History

Grinder is lightly wounded.
Grinder misses you. Grinder closely misses you.
You hit Grinder.
Grinder is lightly wounded.
Grinder completely misses you.
You hit Grinder.
Grinder is lightly wounded.
Grinder hits you but does no damage.
You hit Grinder. You claw Grinder.
Grinder is lightly wounded.
Grinder hits you!
You writhe in agony.
You barely miss Grinder.
Grinder is lightly wounded.
Grinder gestures at you. You resist with some effort. Grinder gestures at you.
You easily resist.
You barely miss Grinder. You peck Grinder.
Grinder is lightly wounded.
Grinder hits you but does no damage.
You closely miss Grinder. You claw Grinder, but do no damage. You peck Grinder.
Grinder is moderately wounded.
Grinder gestures at you. Pain shoots through your body!
You slash Grinder! You claw Grinder. You peck Grinder.
Grinder is severely wounded.
Grinder hits you.
You writhe in agony.
You barely miss Grinder. Your kick misses Grinder.
Grinder is severely wounded.
Grinder gestures at you.
You easily resist.
You closely miss Grinder. You claw Grinder, but do no damage.
You peck Grinder, but do no damage.
Grinder is severely wounded.
Grinder blinks! x2
You start resting.
Grinder is nearby!
Grinder gestures at you. Pain shoots through your body!
You die...

#...~~~......###
#............#
#...##.......#
######.......#
#.<.....#
#######.# #.#
####.#####
#..@.....#
#.##5##### #.
#.# #. #.# #.
... ## ###


You could see Grinder.

Vanquished Creatures
  A hound (D:3)
  A gnoll (D:1)
  An adder (D:2)
  A dart slug (D:1)
  4 orcs (D:3)
  6 bats
  6 endoplasms
  3 giant cockroaches (D:2)
  3 goblins
  3 hobgoblins
  4 jackals (D:2)
  3 quokkas
  3 ball pythons
  3 frilled lizards (D:2)
  3 kobolds
  A rat (D:1)
46 creatures vanquished.

Notes
Turn   | Place    | Note
-------+----------+-------------------------------------------
     0 | D:1      | qw the Tengu Warper began the quest for the Orb.
     0 | D:1      | Reached XP level 1. HP: 12/12 MP: 4/4
     0 | D:1      | 0 ||| qw: Version: 0.1-a-89-g26bdef1
     0 | D:1      | 0 ||| qw: Game counter: 2878
     0 | D:1      | 0 ||| qw: Always use a shield: true
     0 | D:1      | 0 ||| qw: God list: Okawaru
     0 | D:1      | 0 ||| qw: Allow faded altars: false
     0 | D:1      | 0 ||| qw: Do Orc after D:15 true
     0 | D:1      | 0 ||| qw: Do second Lair branch before Depths: true
     0 | D:1      | 0 ||| qw: Lair rune preference: random
     0 | D:1      | 0 ||| qw: Plans: Normal
     0 | D:1      | 0 ||| PLANNING D:1-11
    29 | D:1      | You fall into a shaft and drop 1 floor!
    30 | D:2      | 30 ||| DROPPING ring of wizardry.
    31 | D:2      | 31 ||| DROPPING scroll of blinking.
   109 | D:1      | 109 ||| Stepping ~*~*~tactically~*~*~ (hiding).
   211 | D:1      | 211 ||| Stepping ~*~*~tactically~*~*~ (hiding).
   409 | D:1      | Reached skill level 3 in Axes
   409 | D:1      | Reached XP level 2. HP: 17/17 MP: 6/6
   480 | D:1      | 480 ||| Stepping ~*~*~tactically~*~*~ (stealth).
   589 | D:1      | Reached XP level 3. HP: 20/21 MP: 7/7
  1311 | D:1      | 1311 ||| UPGRADING to +0 ring mail.
  1321 | D:1      | 1321 ||| DROPPING +0 leather armour.
  1322 | D:1      | 1322 ||| READING scroll labelled QYCKEUM HUMA.
  1323 | D:1      | 1323 ||| READING scroll labelled HYC RAEGAIKKU.
  1324 | D:1      | 1324 ||| DRINKING 2 puce potions.
  1360 | D:1      | 1360 ||| DRINKING 2 glowing green potions.
  1361 | D:1      | 1361 ||| DROPPING potion of lignification.
  1472 | D:2      | Reached skill level 4 in Axes
  1930 | D:2      | Reached XP level 4. HP: 25/26 MP: 8/8
  2035 | D:2      | 2035 ||| UPGRADING to ring of willpower.
  2036 | D:2      | 2036 ||| UPGRADING to +6 ring of dexterity.
  2037 | D:2      | 2037 ||| READING 2 scrolls labelled HAGIERI WUMIR.
  2041 | D:2      | 2041 ||| READING scroll labelled ZEUREIGHOWKI.
  2042 | D:2      | 2042 ||| READING scroll labelled SAZOCE KAUTEM.
  2043 | D:2      | 2043 ||| DRINKING 2 fuming white potions.
  2054 | D:3      | 2054 ||| STAIRDANCE
  2068 | D:3      | Reached skill level 5 in Axes
  2068 | D:3      | 2068 ||| STAIRDANCE
  2349 | D:3      | 2349 ||| Stepping ~*~*~tactically~*~*~ (stealth).
  2356 | D:3      | 2356 ||| Stepping ~*~*~tactically~*~*~ (stealth).
  2461 | D:3      | 2461 ||| FLEEEEING.
  2462 | D:3      | 2462 ||| FLEEEEING.
  2463 | D:3      | 2463 ||| FLEEEEING.
  2465 | D:3      | 2465 ||| FLEEEEING.
  2488 | D:3      | 2488 ||| Stepping ~*~*~tactically~*~*~ (stealth).
  2509 | D:3      | 2509 ||| SWAPPING to +0 war axe.
  2510 | D:3      | 2510 ||| DROPPING +0 hand axe.
  2559 | D:3      | Found a faded altar of an unknown god.
  2597 | D:3      | Noticed Grinder
  2598 | D:3      | 2598 ||| Stepping ~*~*~tactically~*~*~ (hiding).
  2615 | D:3      | Killed from afar by Grinder

Levels and vault maps discovered:
D:1:      mainiacjoe_arrival_reflecting_pool, layout_basic
D:2:      layout_rooms
D:3:      layout_basic, mainiacjoe_overflow_six_doors_small, marbit_many_paths,
          mainiacjoe_overflow_boulevard,
          hellmonk_ecumenical_altar_pennies_from_heaven, lemuel_flame_loot_1,
          uniq_grinder

Skill      XL: |  1  2  3  4 |
---------------+-------------+-----
Axes           | 3 4 5 |  5.3
Fighting       | |  2.0
Throwing       | |  1.0
Armour         | |  1.1
Dodging        | |  2.1
Spellcasting   | |  2.0
Translocations | |  2.4

Action                   |  1- 3 |  4- 6 || total
-------------------------+-------+-------++-------
Melee: Hand axe          |    80 |    38 ||   118
       Kick              |    18 |     9 ||    27
       Peck              |     7 |     7 ||    14
       War axe           |       |    10 ||    10
Throw: Boomerang         |     7 |       ||     7
  Use: Scroll            |     2 |     3 ||     5
       Potion            |     2 |     1 ||     3
Armor: Leather armour    |    10 |       ||    10
       Ring mail         |     7 |    15 ||    22
Dodge: Dodged            |    53 |    21 ||    74

Table legend:
 A = Non-vault XP
 B = Vault XP
 C = Vault XP percentage of total XP
 D = Non-vault monster count
 E = Vault monster count
 F = Vault count percentage of total count
                 A         B        C        D         E       F
            +---------+---------+-------+---------+---------+-------
      Total |     147 |       0 |   0.0 |      46 |       0 |   0.0
            +---------+---------+-------+---------+---------+-------
        D:1 |      40 |       0 |   0.0 |      15 |       0 |   0.0
        D:2 |      47 |       0 |   0.0 |      21 |       0 |   0.0
        D:3 |      60 |       0 |   0.0 |      10 |       0 |   0.0
            +---------+---------+-------+---------+---------+-------
